 Dungeon Crawl Stone Soup version 0.27-a0-1500-g450c7e4133 (webtiles) character file.

Game seed: 7637681606401475974

4709 dolemite99 the Basher (level 10, -6/77 HPs)
             Began as a Minotaur Fighter on July 8, 2021.
             Was a Priest of Okawaru.
             Splashed by an acid dragon's acid (16 damage)
             ... on level 8 of the Dungeon.
             The game lasted 00:10:14 (8249 turns).

dolemite99 the Basher (Minotaur Fighter)            Turns: 8249, Time: 00:10:15

Health: -6/77      AC: 15    Str: 35    XL:     10   Next: 22%
Magic:  13/15      EV: 10    Int:  5    God:    Okawaru [***...]
Gold:   394        SH: 14    Dex: 11    Spells: 9/9 levels left

rFire    . . .     SeeInvis .   a - +6 flail (protect)
rCold    . . .     Faith    .   c - +0 kite shield
rNeg     . . .     Spirit   .   m - +0 chain mail
rPois    .         Reflect  .   (helmet restricted)
rElec    .         Harm     .   (no cloak)
rCorr    .         Rampage  .   t - +0 pair of gloves
Will     .....                  (no boots)
Stlth    ..........             (no amulet)
HPRegen  0.22/turn              g - +6 ring of strength
MPRegen  0.14/turn              A - +6 ring of strength

@: brilliant, heroic, corroded, under a protective aura
A: horns 2, retaliatory headbutt
a: Renounce Religion, Heroism


You were on level 8 of the Dungeon.
You worshipped Okawaru.
Okawaru was most pleased with you.
You visited 2 branches of the dungeon, and saw 9 of its levels.

You collected 394 gold pieces.

Inventory:

Hand Weapons
 a - a +6 flail of protection (weapon)
 b - a +0 hunting sling
 d - a +0 flail
 v - a +3 trident of venom
 w - the +6 whip "Coisuy" {drain, rN+}
   (You found it on level 7 of the Dungeon)

   A truly terrible weapon, it drains the life of those it strikes.
   rN:        It protects you from negative energy.
Missiles
 f - 200 stones (quivered)
 h - 52 bolts
 i - 17 sling bullets
 j - 77 arrows
Armour
 c - a +0 kite shield (worn)
 m - a +0 chain mail (worn)
 n - a +0 buckler
 o - a +0 scale mail
 t - a +0 pair of gloves (worn)
Jewellery
 g - a +6 ring of strength (left hand)
 p - a ring of fire
 s - a ring of ice
 A - a +6 ring of strength (right hand)
 D - a ring of magical power
 E - an amulet of the acrobat
Wands
 y - a wand of mindburst (12)
Scrolls
 e - a scroll of teleportation
Potions
 k - 2 potions of mutation {unknown}
 l - a potion of magic {unknown}
 q - 2 potions of berserk rage {unknown}
 r - 4 potions of curing {unknown}
 u - 2 potions of attraction {unknown}
 x - a potion of flight {unknown}
 z - a potion of brilliance
 B - a potion of invisibility {unknown}


   Skills:
 - Level 3.6(8.6) Fighting
 - Level 11.9(16.9) Maces & Flails
 - Level 3.6(8.6) Armour
 - Level 7.7(12.7) Shields
 - Level 8.2 Invocations
 + Level 4.3 Evocations


You had 9 spell levels left.
You didn't know any spells.
Your spell library contained the following spells:

 Spells                   Type           Power      Damage    Failure   Level
 Passwall                 Tmut/Erth      0%         N/A       98%         2
 Ozocubu's Armour         Ice            0%         N/A       100%        3
 Swiftness                Air            0%         N/A       100%        3
 Invisibility             Hex            0%         N/A       100%        6
 Ozocubu's Refrigeration  Ice            0%         4d5       100%        7


Dungeon Overview and Level Annotations

Branches:
Dungeon (8/15)             Temple (1/1) D:5
   Lair: D:8-11

Altars:
Cheibriados
Dithmenos
Fedhas
Hepliaklqana
Nemelex Xobeh
Okawaru
Qazlal
Ru
Uskayaw
Vehumet
Wu Jian
Yredelemnul
Zin
The Shining One

Annotations:
D:1 exclusion: downstairs
D:2 Sigmund
D:5 Edmund
D:6 2 runed translucent doors, atabob's ghost, novice DsNe
D:7 1 runed translucent door


Innate Abilities, Weirdness & Mutations

You have a pair of horns on your head.
You reflexively headbutt those who attack you in melee.


Message History

The bullfrog is severely wounded.
The bullfrog misses you. You furiously retaliate!
You headbutt the bullfrog!
You kill the bullfrog!
Okawaru accepts your kill. You block the orc's attack.
Things that are here:
a +0 battleaxe; a +0 chain mail; a bullfrog corpse A centaur comes into view.
Things that are here:
a +0 mace; a +0 leather armour You feel more confident with your borrowed prowess.
The centaur shouts!
You block the orc's attack.
An orc comes into view. It is wielding a +0 falchion.
You closely miss the orc.
The orc shouts!
You headbutt the orc!
You kill the orc!
Okawaru accepts your kill. You block the orc's attack.
Items here: )) [ †.
You barely miss the orc. You block the orc's attack.
You closely miss the orc. You block the orc's attack.
You thump the orc!
Your weapon exudes an aura of protection.
You kill the orc!
Okawaru accepts your kill.
The centaur wields a +0 shortbow.
The centaur shoots an arrow.
You block the arrow. The acid dragon spits acid at you.
The splash of acid hits you.
You are splashed with acid!
* * * LOW HITPOINT WARNING * * *
It was a potion of brilliance.
You feel clever all of a sudden.
The centaur shoots an arrow.
You block the arrow. The acid dragon spits acid at you.
The splash of acid hits you!
* * * LOW HITPOINT WARNING * * *
You are splashed with acid!
You die...

#
###################.###..
......[........)@)co.....
####.#############D......
#.# ....... #.# .......
#.# ....... #.# ....... #
#.# ....... # #.# .......
# #.#


You could see an acid dragon (catching breath), a centaur and an orc.

Vanquished Creatures
  A tengu warrior (D:8)
  A centaur zombie (D:7)
  A tengu conjurer (D:8)
  A hornet (D:7)
  3 yaks (D:8)
  A wyvern (D:8)
  A steam dragon (D:7)
  Menkaure (D:7)
  An acid dragon (D:8)
  A water moccasin (D:7)
  3 ice beasts (D:7)
  2 orc warriors
  2 black bears
  A hornet zombie (D:7)
  3 necrophages
  A centaur (D:8)
  4 bullfrogs
  3 scorpions
  A gnoll sergeant (D:6)
  A water moccasin zombie (D:5)
  A howler monkey (D:7)
  2 hounds
  A bullfrog zombie (D:7)
  A jelly (D:6)
  A centaur skeleton (D:7)
  Terence (D:2)
  A bullfrog skeleton (D:5)
  2 iguanas
  7 orc wizards
  A killer bee zombie (D:7)
  A howler monkey zombie (D:7)
  7 adders
  5 gnolls
  2 shadow imps (D:6)
  An ufetubus (D:5)
  A worm (D:3)
  16 orcs
  8 endoplasms
  3 giant cockroaches
  4 goblins
  11 hobgoblins
  7 jackals
  4 quokkas
  7 ball pythons
  7 bats
  2 frilled lizards (D:2)
  7 kobolds
  7 rats
151 creatures vanquished.

Vanquished Creatures (others)
  An orc wizard (D:8)
  7 plants (D:4)
8 creatures vanquished.

Grand Total: 159 creatures vanquished

Notes
Turn   | Place    | Note
-------+----------+-------------------------------------------
     0 | D:1      | dolemite99 the Minotaur Fighter began the quest for the
                  | Orb.
     0 | D:1      | Reached XP level 1. HP: 19/19 MP: 0/0
   113 | D:1      | Reached skill level 3 in Maces & Flails
   113 | D:1      | Reached XP level 2. HP: 26/26 MP: 1/1
   627 | D:1      | Found a faded altar of an unknown god.
  1097 | D:2      | Reached XP level 3. HP: 31/31 MP: 2/2
  1360 | D:2      | Reached skill level 4 in Maces & Flails
  1500 | D:2      | Noticed a scorpion
  1514 | D:2      | Killed a scorpion
  1515 | D:2      | Reached skill level 5 in Maces & Flails
  1515 | D:2      | Reached XP level 4. HP: 29/39 MP: 3/3
  1616 | D:2      | Noticed Terence
  1627 | D:2      | Killed Terence
  1714 | D:2      | Reached XP level 5. HP: 45/45 MP: 4/4
  1769 | D:2      | Noticed Sigmund
  2456 | D:3      | Reached skill level 5 in Shields
  2659 | D:3      | Reached skill level 6 in Maces & Flails
  3467 | D:4      | Reached XP level 6. HP: 51/51 MP: 5/5
  3500 | D:5      | Entered Level 5 of the Dungeon
  3706 | D:4      | Reached skill level 7 in Maces & Flails
  4020 | D:4      | Reached XP level 7. HP: 57/57 MP: 6/6
  4569 | D:5      | Found a staircase to the Ecumenical Temple.
  4583 | Temple   | Entered the Ecumenical Temple
  4598 | Temple   | Became a worshipper of Warmaster Okawaru
  4657 | D:5      | Reached skill level 8 in Maces & Flails
  4748 | D:5      | Noticed Edmund
  4762 | D:6      | Found a large runed translucent door.
  4762 | D:6      | Found a large runed translucent door.
  4762 | D:6      | Noticed atabob's ghost (novice DsNe)
  5167 | D:6      | Reached skill level 9 in Maces & Flails
  5368 | D:6      | Found a sand-covered staircase.
  5477 | D:6      | Reached * piety under Okawaru
  5478 | D:6      | Reached XP level 8. HP: 64/64 MP: 7/7
  6469 | D:7      | Reached skill level 10 in Maces & Flails
  6569 | D:7      | Noticed a hornet
  6574 | D:7      | Killed a hornet
  6575 | D:7      | Reached skill level 11 in Maces & Flails
  6582 | D:7      | Reached ** piety under Okawaru
  6583 | D:7      | Reached XP level 9. HP: 70/70 MP: 9/11
  6647 | D:7      | Noticed a boulder beetle
  6886 | D:7      | Reached skill level 5 in Invocations
  6901 | D:7      | Noticed Menkaure
  6917 | D:7      | Killed Menkaure
  7062 | D:7      | Identified the +6 whip "Coisuy" {drain, rN+}
  7146 | D:7      | Found a runed translucent door.
  7227 | D:7      | Found a sacrificial altar of Ru.
  7227 | D:7      | Found a radiant altar of Vehumet.
  7234 | D:7      | Found a blossoming altar of Fedhas.
  7248 | D:7      | Found a snail-covered altar of Cheibriados.
  7249 | D:7      | Found a faded altar of an unknown god.
  7794 | D:8      | Reached *** piety under Okawaru
  7831 | D:8      | Found a hide-covered altar of Uskayaw.
  7834 | D:8      | Found a sparkling altar of Nemelex Xobeh.
  7837 | D:8      | Found an ornate altar of the Wu Jian Council.
  7862 | D:8      | Noticed a tengu conjurer
  7862 | D:8      | Noticed a tengu warrior
  7894 | D:8      | Killed a tengu conjurer
  7895 | D:8      | Reached skill level 1 in Evocations
  8058 | D:8      | Killed a tengu warrior
  8059 | D:8      | Reached XP level 10. HP: 51/77 MP: 13/15
  8249 | D:8      | Splashed by an acid dragon's acid

Illustrated notes

Levels and vault maps discovered:
D:1:      dpeg_arrival_line_fractal, layout_basic,
          hellmonk_ecumenical_altar_arch_garden, glass_columns_a
D:2:      minmay_spotlight, layout_loops_cross, minmay_divided_ellipse,
          uniq_sigmund, uniq_terence
D:3:      layout_basic
D:4:      layout_layer_cave, guppyfry_early_lair_pool
D:5:      layout_basic, temple_pool_b, uniq_edmund
D:6:      layout_gridville, ebering_ghost_disaster_area,
          nicolae_ossuary_entry_false_entrances, minmay_misc_feat_iff
D:7:      minmay_the_grid_square_5x5_3x3
          [minmay_the_grid_square_5x5_beaten_path,
          minmay_the_grid_square_5x5_shrine1,
          minmay_the_grid_square_5x5_almost_minimal,
          minmay_the_grid_square_5x5_mess,
          minmay_the_grid_square_5x5_megaprize_open,
          minmay_the_grid_square_5x5_slash, minmay_the_grid_square_5x5_bite,
          minmay_the_grid_square_5x5_longway,
          minmay_the_grid_square_5x5_intrusive_squares], layout_rooms,
          chequers_temple_overflow_minitemple, lightli_church_of_beogh,
          uniq_menkaure
D:8:      layout_basic, grunt_temple_overflow_diamond, grunt_ministairs_4,
          serial_bayou_pond_e
Temple:   dshaligram_water_room_temple

Skill      XL: |  1  2  3  4  5  6  7  8  9 10 |
---------------+-------------------------------+-----
Maces & Flails | 3 5 6 7 9 11 | 11.9
Shields        | 4 5 6 7 |  7.7
Invocations    | 4 8 |  8.2
Evocations     | 3 4 |  4.3
Fighting       | |  3.6
Armour         | |  3.6

Action                   |  1- 3 |  4- 6 |  7- 9 | 10-12 || total
-------------------------+-------+-------+-------+-------++-------
Melee: Flail             |    93 |    90 |   163 |    14 ||   360
       Headbutt          |    11 |    12 |    38 |     2 ||    63
       Whip              |       |       |    12 |       ||    12
 Fire: Hunting sling     |       |    22 |       |       ||    22
Throw: Stone             |    20 |    55 |    13 |       ||    88
Invok: Heroism           |       |       |    17 |     3 ||    20
Evoke: Wand              |       |       |     5 |       ||     5
  Use: Potion            |     1 |     1 |       |     1 ||     3
       Scroll            |       |     3 |     6 |       ||     9
Armor: Scale mail        |    54 |       |       |       ||    54
       Chain mail        |       |    45 |    81 |     4 ||   130
Dodge: Dodged            |    25 |    18 |    61 |     3 ||   107
Block: Kite shield       |    53 |    10 |   109 |    13 ||   185
       Buckler           |       |     9 |       |       ||     9

Table legend: (Time is in decaauts)
 A = Elapsed time spent in this place.
 B = Non-inter-level travel time spent in this place.
 C = Inter-level travel time spent in this place.
 D = Time resting spent in this place.
 E = Time spent auto-exploring this place.
 F = Levels seen in this place.
 G = Mean time per level.
                   A        B        C        D        E       F      G
               +--------+--------+--------+--------+--------+-----+--------+
         Total |   8290 |   8091 |    199 |   1415 |   5022 |   9 |  921.1 |
       Dungeon |   8261 |   8074 |    187 |   1415 |   5019 |   8 | 1032.6 |
        Temple |     28 |     16 |     12 |      0 |      3 |   1 |   28.0 |
               +--------+--------+--------+--------+--------+-----+--------+

Top non-repeatable levels by time:
     D:6: 1443 daAuts
     D:4: 1242 daAuts
     D:1: 1199 daAuts
     D:7: 1116 daAuts
     D:2: 1075 daAuts
     D:3: 1064 daAuts
     D:8: 899 daAuts
     D:5: 220 daAuts
  Temple: 28 daAuts
